 Dungeon Crawl Stone Soup version 0.32-a0-876-gcfddb08e57 (webtiles) character file.

Game seed: 14563084579981509548

76 pokeman the Magician (level 4, -1/25 HPs)
             Began as a Deep Elf Hedge Wizard on Mar 31, 2024.
             Killed from afar by an orc wizard (7 damage)
             ... with a magic dart
             ... on level 3 of the Dungeon.
             The game lasted 00:04:42 (1565 turns).

pokeman the Magician (Deep Elf Hedge Wizard)        Turns: 1565, Time: 00:04:42

Health: -1/25      AC:  3    Str:  7    XL:     4   Next: 12%
Magic:  4/13       EV: 11    Int: 21    God:
Gold:   90         SH:  0    Dex: 14    Spells: 6/14 levels left

rFire   . . .        q - +2 trident (freeze)
rCold   + . .        (no shield)
rNeg    . . .        b - +0 robe
rPois   .            o - +0 helmet
rElec   .            (no cloak)
rCorr   .            (no gloves)
SInv    .            (no boots)
Will    .....        h - amulet of magic regeneration
Stlth   ++           n - ring of protection from cold
HPRegen 0.24/turn    (no ring)
MPRegen 0.53/turn

%: no passive effects
@: on blink cooldown, very slightly contaminated
A: no striking features
a: no special abilities


You were on level 3 of the Dungeon.
You visited 1 branch of the dungeon, and saw 3 of its levels.

You collected 90 gold pieces.

Inventory:

Hand Weapons
 q - a +2 trident of freezing (weapon)
Armour
 b - a +0 robe (worn)
 c - a +0 buckler
 o - a +0 helmet (worn)
Jewellery
 h - an amulet of magic regeneration (around neck)
 n - a ring of protection from cold (left hand)
Wands
 r - a wand of roots (2)
Scrolls
 a - 3 scrolls of immolation {unknown}
 g - a scroll of poison {unknown}
 i - a scroll of amnesia {unknown}
 j - a scroll of enchant armour {unknown}
 l - a scroll of identify {unknown}
 p - a scroll of enchant weapon {unknown}
Potions
 d - a potion of magic
 e - a potion of cancellation {unknown}
 f - a potion of brilliance {unknown}
 k - a potion of mutation {unknown}
 m - 2 potions of ambrosia {unknown}


   Skills:
 - Level 1.0 Fighting
 - Level 1.0 Armour
 + Level 2.6 Dodging
 - Level 2.4 Stealth
 + Level 0.3 Shields
 * Level 5.5 Spellcasting
 + Level 2.0 Conjurations
 - Level 1.1 Summonings
 - Level 1.1 Translocations


You had 6 spell levels left.
You knew the following spells:

 Your Spells              Type           Power      Damage    Failure   Level
a - Magic Dart            Conj           56%        1d5       4%          1
b - Mephitic Cloud        Conj/Alch/Air  8%         N/A       22%         3
c - Call Imp              Summ           20%        N/A       10%         2
d - Blink                 Tloc           20%        N/A       10%         2

Your spell library contained the following spells:

 Spells                   Type           Power      Damage    Failure   Level
 Kiss of Death            Conj/Necr      40%        2d8       7%          1
 Slow                     Hex            20%        N/A       11%         1
 Cigotuvi's Dreadful Rot  Necr/Alch/Air  10%        N/A       16%         2
 Confusing Touch          Hex            5%         N/A       30%         3
 Dispel Undead            Necr           5%         3d7       71%         4


Dungeon Overview and Level Annotations

Branches:
Dungeon (3/15)

Altars:

Shops:
D:1 ?

Annotations:
D:1 Gold behind rock


Message History

The stinking cloud engulfs the sleepcap.
The sleepcap is heavily damaged.
The quokka is engulfed in noxious fumes.
The quokka appears confused.
The quokka bites the sleepcap but does no damage.
The orc is engulfed in noxious fumes.
The orc appears confused.
The orc shouts, "What's happening?!"
The orc wizard is engulfed in noxious fumes.
The orc wizard gestures wildly while chanting.
The orc wizard flickers and vanishes!
Unknown command.
Unknown command.
The quokka is engulfed in noxious fumes.
The quokka appears confused.
The orc is engulfed in noxious fumes.
The orc appears confused.
Your cerulean imp hits the sleepcap but does no damage.
A frilled lizard comes into view.
You feel ready to blink again.
The orc is engulfed in noxious fumes.
The orc appears confused.
The orc hits your cerulean imp with a +0 trident.
The sleepcap attacks as it pursues you! The sleepcap barely misses you.
The quokka bites the sleepcap but does no damage.
Something hits you but does no damage.
Casting: Mephitic Cloud (extremely dangerous; 22% risk of failure)
Confirm with . or Enter, or press ? or * to list all spells.
You blink.
An endoplasm comes into view.
The quokka closely misses something.
Unknown command.
Casting: Blink (safe; 10% risk of failure)
Confirm with . or Enter, or press ? or * to list all spells.
Aiming: Magic Dart (safe; 4% risk of failure)
Press: ? - help, Shift-Dir - straight line, f - endoplasm
Aim: an endoplasm (100% to hit)
The magic dart hits the endoplasm.
The endoplasm is almost dead.
Your cerulean imp hits the sleepcap but does no damage.
A magic dart appears from out of thin air!
The magic dart hits you!
You die...

.............
#...............
##................
##.................
##.........
..........
#.........
#.....J.......
#.@.......l....
#...............
#######
#........l....... .
#.)...#
##................
.[ #.....+
..................
#.###.....#
##....f{..........
..).#.....##
#.....ยง..........
#..........#
#....5r..........
#..........#
#.................


You could see a sleepcap (distracted, ally target), an endoplasm, a quokka
(confused), a frilled lizard and a friendly cerulean imp (summoned).

Vanquished Creatures
  Terence (D:2)
  2 adders (D:2)
  2 ribbon worms (D:2)
  An endoplasm (D:2)
  4 giant cockroaches
  A goblin (D:1)
  6 hobgoblins
  6 ball pythons
  3 bats
  2 frilled lizards
  3 kobolds
  3 rats
34 creatures vanquished.

Notes
Turn   | Place    | Note
-------+----------+-------------------------------------------
     0 | D:1      | pokeman the Deep Elf Hedge Wizard began the quest for the
                  | Orb.
     0 | D:1      | Reached XP level 1. HP: 10/10 MP: 7/7
   230 | D:1      | Reached XP level 2. HP: 16/16 MP: 7/9
   379 | D:1      | Found Bahealuw's Magic Scroll Shop.
   882 | D:2      | Reached skill level 5 in Spellcasting
   934 | D:2      | Reached XP level 3. HP: 20/20 MP: 7/11
   938 | D:2      | Learned a level 3 spell: Mephitic Cloud
   941 | D:2      | Learned a level 2 spell: Call Imp
   944 | D:2      | Learned a level 2 spell: Blink
  1010 | D:2      | Reached skill level 1 in Fighting
  1010 | D:2      | Reached skill level 1 in Armour
  1222 | D:2      | Noticed Terence
  1252 | D:2      | Killed Terence
  1253 | D:2      | Reached XP level 4. HP: 19/25 MP: 7/13
  1565 | D:3      | Killed from afar by an orc wizard

Illustrated notes

Levels and vault maps discovered:
D:1:      wheals_arrival_shading, layout_basic, serial_shops, shop,
          item_on_display_a
D:2:      layout_loops_ring, uniq_terence
D:3:      layout_basic

Skill      XL: |  1  2  3 |
---------------+----------+-----
Spellcasting   | 5 |  5.5
Fighting       | 1 |  1.0
Armour         | 1 |  1.0
Conjurations   | 2 |  2.0
Dodging        | |  2.6
Stealth        | |  2.4
Shields        | |  0.3
Summonings     | |  1.1
Translocations | |  1.1

Action                     |  1- 3 |  4- 6 || total
---------------------------+-------+-------++-------
  Melee: Dagger            |    10 |       ||    10
         Trident           |       |     1 ||     1
   Cast: Magic Dart        |    79 |    10 ||    89
         Mephitic Cloud    |     3 |     2 ||     5
         Call Imp          |     2 |     1 ||     3
         Blink             |       |     2 ||     2
   Stab: Confused          |     1 |       ||     1
 Armour: Robe              |     9 |    13 ||    22
  Dodge: Dodged            |     9 |    10 ||    19

Table legend: (Time is in decaauts)
 A = Elapsed time spent in this place.
 B = Non-inter-level travel time spent in this place.
 C = Inter-level travel time spent in this place.
 D = Time resting spent in this place.
 E = Time spent auto-exploring this place.
 F = Levels seen in this place.
 G = Mean time per level.
                   A        B        C        D        E       F      G
               +--------+--------+--------+--------+--------+-----+--------+
         Total |   1563 |   1528 |     35 |      0 |   1244 |   3 |  521.0 |
       Dungeon |   1563 |   1528 |     35 |      0 |   1244 |   3 |  521.0 |
               +--------+--------+--------+--------+--------+-----+--------+

Top non-repeatable levels by time:
     D:2: 739 daAuts
     D:1: 703 daAuts
     D:3: 121 daAuts
